 Dungeon Crawl Stone Soup version 0.27.1-2-g3b301248ec (webtiles) character file.

Game seed: 11356210352010793821

4744 MajorAdolf the Covert (level 10, -3/94 HPs)
             Began as a Naga Wanderer on Sept 30, 2021.
             Was an Initiate of Gozag.
             Slain by an orc knight (5 damage)
             ... in a bailey.
             The game lasted 00:21:47 (13402 turns).

MajorAdolf the Covert (Naga Wanderer)              Turns: 13402, Time: 00:21:48

Health: -3/94      AC: 13    Str: 23    XL:     10   Next: 46%
Magic:  19/19      EV: 12    Int:  8    God:    Gozag
Gold:   429        SH:  9    Dex: 10    Spells: 16/21 levels left

rFire    . . .     SeeInvis +   N - +1 trident (venom)
rCold    . . .     Faith    .   O - +0 kite shield
rNeg     . . .     Spirit   .   L - +2 robe {Will+}
rPois    +         Reflect  .   A - +2 hat
rElec    .         Harm     .   (no cloak)
rCorr    .         Rampage  .   r - +0 pair of gloves
Will     ++...                  (no barding)
Stlth    ++++......             (no amulet)
HPRegen  0.25/turn              K - +4 ring of evasion
MPRegen  0.16/turn              h - +4 ring of protection

@: gold aura, hasted (expiring), quick
A: AC +3, large, see invisible, deformed body, poison resistance, slowness 2,
spit poison 1, naga tail 1
a: Spit Poison, Renounce Religion, Potion Petition, Call Merchant, Bribe Branch


You were in a bailey.
You worshipped Gozag.
Gozag was aware of your devotion.
You visited 2 branches of the dungeon, and saw 9 of its levels.
You also visited: Sewer and Bailey.

You collected 525 gold pieces.
You paid 96 gold pieces to Gozag.

Inventory:

Hand Weapons
 g - a +2 dagger of freezing
 u - a +3 flail
 x - a +0 short sword of venom
 N - a +1 trident of venom (weapon)
Missiles
 f - 166 stones
 v - 3 throwing nets
 y - 18 poisoned darts (quivered)
Armour
 c - a +0 robe
 r - a +0 pair of gloves (worn)
 s - a +0 plate armour
 A - a +2 hat (worn)
 L - a +2 robe of willpower (worn)
 M - the +2 robe "Xeonoodd" {Dex+2}
   (You found it on level 6 of the Dungeon)

   Dex:       It affects your dexterity (+2).
 O - a +0 kite shield (worn)
Jewellery
 d - a ring of protection from fire
 h - a +4 ring of protection (right hand)
 K - a +4 ring of evasion (left hand)
Wands
 E - a wand of iceblast (2)
Scrolls
 i - 2 scrolls of enchant weapon
 m - a scroll of blinking
 n - 6 scrolls of enchant armour
 o - a scroll of vulnerability
 p - 2 scrolls of fog {unknown}
 q - a scroll of silence {unknown}
 z - a scroll of holy word {unknown}
 B - 2 scrolls of teleportation {unknown}
 D - a scroll of noise {unknown}
 H - a scroll of amnesia {unknown}
 P - a scroll of fear {unknown}
Potions
 a - a potion of magic {unknown}
 b - a potion of curing
 e - a potion of degeneration {unknown}
 j - 2 potions of mutation {unknown}
 k - a potion of heal wounds {unknown}
 l - a potion of ambrosia {unknown}
 C - a potion of invisibility {unknown}
 F - a potion of flight {unknown}
 G - a potion of cancellation {unknown}
 I - a potion of resistance {unknown}
 J - a potion of lignification


   Skills:
 + Level 7.1 Fighting
 - Level 1.0 Short Blades
 - Level 1.0 Throwing
 - Level 3.0 Armour
 + Level 4.7 Dodging
 - Level 10.0 Stealth
 + Level 2.7 Shields
 - Level 6.0 Spellcasting
 - Level 3.0 Summonings
 - Level 1.0 Fire Magic
 + Level 5.2 Evocations


You had 16 spell levels left.
You knew the following spells:

 Your Spells              Type           Power      Damage    Failure   Level
a - Magic Dart            Conj           8%         1d3       65%         1
b - Call Imp              Summ           7%         N/A       36%         2
c - Blink                 Tloc           N/A        N/A       80%         2

Your spell library contained the following spells:

 Spells                   Type           Power      Damage    Failure   Level
 Summon Small Mammal      Summ           28%        N/A       26%         1
 Animate Skeleton         Necr           4%         N/A       65%         1
 Apportation              Tloc           4%         N/A       65%         1
 Corona                   Hex            2%         N/A       65%         1
 Slow                     Hex            2%         N/A       80%         2
 Conjure Flame            Conj/Fire      3%         6-21      91%         3
 Dazzling Flash           Conj/Hex       4%         N/A       95%         3
 Gell's Gravitas          Tloc           1%         N/A       95%         3
 Lesser Beckoning         Tloc           1%         N/A       95%         3
 Mephitic Cloud           Conj/Pois/Air  2%         N/A       95%         3
 Portal Projectile        Hex/Tloc       4%         N/A       95%         3
 Teleport Other           Tloc           2%         N/A       95%         3
 Agony                    Necr           2%         N/A       100%        5
 Blade Hands              Tmut           1%         N/A       100%        5
 Excruciating Wounds      Necr           1%         N/A       100%        5
 Silence                  Hex/Air        1%         N/A       100%        5


Dungeon Overview and Level Annotations

Branches:
Dungeon (8/15)             Temple (1/1) D:7            Lair (0/6) D:8
  Sewer (visited)          Bailey (1/1)

Altars:
Ashenzari
Cheibriados
Dithmenos
Elyvilon
Fedhas
Gozag
Hepliaklqana
Kikubaaqudgha
Makhleb
Nemelex Xobeh
Okawaru
Qazlal
Ru
Sif Muna
Trog
Uskayaw
Vehumet
Wu Jian
Xom
Yredelemnul
Zin
The Shining One


Innate Abilities, Weirdness & Mutations

Your serpentine skin is tough. (AC +3)
You have supernaturally acute eyesight. (SInv)
Armour fits poorly on your strangely shaped body.
Your system is resistant to poisons. (rPois)
You cover ground very slowly.
You can spit poison.
You have a snake-like lower body.


Message History

Your extra speed is starting to run out.
The hobgoblin hits you but does no damage.
The orc hits you but does no damage.
Unknown command.
You barely miss the orc knight.
The orc knight is moderately wounded.
The gnoll is no longer distracted by gold.
The orc hits you but does no damage.
The orc knight roars a battlecry!
The orcs go into a battle-frenzy!
You block the orc's attack. You block the goblin's attack.
The hobgoblin hits you with a +0 hand axe.
* * * LOW HITPOINT WARNING * * *
The orc hits you but does no damage.
You hear a shout!
You closely miss the orc knight.
The orc knight is moderately wounded.
The orc no longer looks unusually strong.
The orc hits you but does no damage.
The orc knight roars a battlecry!
The orc goes into a battle-frenzy!
You block the orc's attack. The goblin hits you but does no damage.
A gnoll comes into view. It is wielding a +0 war axe.
The hobgoblin hits you but does no damage.
The orc hits you but does no damage. x2
You puncture the orc!
You kill the orc!
You feel less wooden.
Your +2 hat unmelds from your body.
Your +0 pair of gloves unmelds from your body.
Your +2 robe of willpower unmelds from your body.
You feel strong-willed.
The orc knight hits you with a +0 war axe!
* * * LOW HITPOINT WARNING * * *
The goblin barely misses you. The hobgoblin closely misses you.
The orc closely misses you. The orc hits you with a +0 hand axe.
* * * LOW HITPOINT WARNING * * *
The orc knight hits you with a +0 war axe.
You die...
Your body crumbles into a pile of gold.

#######.....⌠.....#
##.....##.........##
#.......#.........#
.##.......##)......##
.g.........'.......#
##.....g..)##.....##
#....gog..$.#######
##...gogo.$##
#...gg@g..#
##..gog..## #.......#
##...[.## ♣♣##'''##♣♣
♣....).)..♣
♣♣.....)..♣♣
♣♣....∩.....♣
♣...........♣


You could see an orc knight (poisoned), an orc warrior (strong), 6 gnolls, 2
orcs, 2 hobgoblins and 3 goblins.

Vanquished Creatures
  An orc warlord (Bailey)
  An orc knight (Bailey)
  A hornet (D:7)
  Prince Ribbit (D:6)
  Sigmund (D:4)
  A steam dragon (D:6)
  Menkaure (D:5)
  A water moccasin (D:6)
  Duvessa (D:6)
  2 orc warriors (Bailey)
  A black bear (D:7)
  An ice beast (D:5)
  A sky beast (D:7)
  An ogre (D:6)
  A necrophage (D:5)
  A centaur (D:7)
  A phantom (D:6)
  A kobold brigand (D:7)
  2 bullfrogs (Sewer)
  A gnoll sergeant (D:7)
  2 scorpions (D:4)
  Dowan (D:6)
  2 water moccasin skeletons
  A killer bee (D:7)
  3 wights (D:6)
  A bullfrog zombie (D:6)
  A centaur zombie (D:7)
  2 hounds (D:7)
  2 bullfrog skeletons
  3 jellies
  2 iguanas
  2 orc wizards
  A scorpion zombie (D:5)
  Ijyb (D:5)
  6 gnolls
  5 adders
  2 river rats (D:3)
  A worm (D:4)
  A dart slug (D:3)
  16 orcs
  14 endoplasms
  12 giant cockroaches
  20 goblins
  8 hobgoblins
  7 jackals
  11 kobolds
  20 quokkas
  16 ball pythons
  9 bats
  13 frilled lizards
  10 rats
217 creatures vanquished.

Notes
Turn   | Place    | Note
-------+----------+-------------------------------------------
     0 | D:1      | MajorAdolf the Naga Wanderer began the quest for the Orb.
     0 | D:1      | MajorAdolf set off with the following items: a +0 club, a
                  | potion of curing, a +0 robe, a potion of lignification, a
                  | +0 dagger; and the following spell memorised: Magic Dart;
                  | and the following spells available to memorise: Call Imp,
                  | Blink, Slow, Conjure Flame, Mephitic Cloud
     0 | D:1      | Reached XP level 1. HP: 18/18 MP: 2/2
   641 | D:1      | Reached XP level 2. HP: 23/25 MP: 3/3
   742 | D:1      | Found a faded altar of an unknown god.
  1092 | D:1      | Learned a level 2 spell: Call Imp
  2003 | D:2      | Reached XP level 3. HP: 32/32 MP: 4/4
  2677 | D:2      | Reached skill level 4 in Stealth
  3115 | D:3      | Reached XP level 4. HP: 27/39 MP: 6/6
  3175 | D:3      | Found a glowing drain.
  3180 | Sewer    | Entered a sewer
  3749 | Sewer    | Reached XP level 5. HP: 46/46 MP: 7/7
  3981 | Sewer    | Learned a level 2 spell: Blink
  4287 | Sewer    | Reached skill level 5 in Stealth
  4312 | Sewer    | Reached XP level 6. HP: 27/56 MP: 9/9
  5123 | D:4      | Reached skill level 6 in Stealth
  5733 | D:4      | Reached XP level 7. HP: 59/63 MP: 11/11
  5864 | D:4      | Noticed Sigmund
  5949 | D:4      | Killed Sigmund
  5950 | D:4      | Reached skill level 1 in Armour
  6297 | D:4      | Reached skill level 7 in Stealth
  7191 | D:5      | Entered Level 5 of the Dungeon
  7349 | D:5      | Reached XP level 8. HP: 41/73 MP: 12/14
  7760 | D:5      | Noticed Ijyb
  7784 | D:5      | Killed Ijyb
  8146 | D:5      | Noticed Menkaure
  8152 | D:5      | Killed Menkaure
  8153 | D:5      | Reached skill level 8 in Stealth
  8847 | D:6      | Reached skill level 5 in Fighting
  8847 | D:6      | Reached skill level 1 in Evocations
  9535 | D:6      | Noticed Dowan
  9627 | D:6      | Noticed Duvessa
  9664 | D:6      | Identified the +2 robe "Xeonoodd" {Dex+2}
  9800 | D:6      | Killed Duvessa
  9801 | D:6      | Reached XP level 9. HP: 68/81 MP: 16/16
  9965 | D:6      | Noticed Prince Ribbit
  9975 | D:6      | Killed Prince Ribbit
  9976 | D:6      | Reached skill level 9 in Stealth
  9976 | D:6      | Reached skill level 5 in Spellcasting
 10224 | D:6      | Killed Dowan
 10298 | D:7      | Found a stormy altar of Qazlal.
 10484 | D:7      | Noticed a hornet
 10500 | D:7      | Paralysed by a hornet for 1 turns
 10504 | D:7      | Killed a hornet
 11001 | D:7      | Found a staircase to the Ecumenical Temple.
 11032 | Temple   | Entered the Ecumenical Temple
 11296 | Temple   | Became a worshipper of Gozag Ym Sagoz the Greedy
 11489 | D:7      | Found a white marble altar of Elyvilon.
 11492 | D:7      | Found a burning altar of Makhleb.
 11496 | D:7      | Found a hazy altar of Hepliaklqana.
 11886 | D:7      | Reached skill level 10 in Stealth
 12121 | D:8      | Found a flagged portal.
 12153 | Bailey   | Entered a bailey
 13025 | Bailey   | Noticed an orc knight
 13041 | Bailey   | Killed an orc knight
 13042 | Bailey   | Reached skill level 1 in Shields
 13042 | Bailey   | Reached XP level 10. HP: 39/92 MP: 17/19
 13358 | Bailey   | Noticed an orc warlord
 13379 | Bailey   | Noticed an orc knight
 13382 | Bailey   | Killed an orc warlord
 13383 | Bailey   | Reached skill level 5 in Evocations
 13402 | Bailey   | HP: 2/94 [orc (4)]
 13402 | Bailey   | Slain by an orc knight

Illustrated notes

Levels and vault maps discovered:
D:1:      wander_arrival_fairy_ring, layout_loops_corners,
          basic_ecumenical_altar
D:2:      layout_basic
D:3:      layout_loops_ring, gup_sewer_entry_spiral
D:4:      layout_basic, chequers_garden, uniq_sigmund
D:5:      layout_layer_cave, uniq_ijyb, uniq_menkaure
D:6:      layout_loops_corners, uniq_duvessa, uniq_prince_ribbit1
D:7:      layout_basic, mainiacjoe_overflow_paths,
          grunt_temple_overflow_diamond, minmay_temple_entry_waves, st_stairs_9,
          minmay_increasing_density
D:8:      layout_loops_corners, dpeg_lair_monsters, enter_bailey_3,
          hangedman_decor_lopped
Temple:   dpeg_five_rooms_temple
Bailey:   bailey_axe_minmay_hex_keep, bailey

Skill      XL: |  1  2  3  4  5  6  7  8  9 10 |
---------------+-------------------------------+-----
Fighting       | 2 3 4 5 6 7 |  7.1
Stealth        | 4 5 6 7 8 10 | 10.0
Summonings     | 2 3 |  3.0
Spellcasting   | 2 3 4 6 |  6.0
Armour         | 2 3 |  3.0
Dodging        | 2 4 |  4.7
Evocations     | 2 4 5 |  5.2
Shields        | 1 2 |  2.7
Short Blades   | |  1.0
Throwing       | |  1.0
Fire Magic     | |  1.0

Action                   |  1- 3 |  4- 6 |  7- 9 | 10-12 || total
-------------------------+-------+-------+-------+-------++-------
Melee: Club              |     7 |       |       |       ||     7
       Dagger            |    49 |   172 |    48 |       ||   269
       Short sword       |       |       |   103 |       ||   103
       Flail             |       |       |   139 |       ||   139
       Trident           |       |       |    99 |    47 ||   146
Throw: Dart              |       |       |    11 |       ||    11
       Stone             |       |       |     1 |       ||     1
 Cast: Magic Dart        |     6 |     1 |       |       ||     7
 Abil: Spit Poison       |    49 |    40 |    18 |     1 ||   108
Evoke: Wand              |       |       |     4 |    11 ||    15
  Use: Potion            |     1 |       |     1 |     5 ||     7
       Scroll            |     2 |       |     5 |       ||     7
 Stab: Sleeping          |       |     7 |     3 |       ||    10
       Distracted        |       |       |     1 |       ||     1
Armor: Robe              |    36 |    59 |   107 |     8 ||   210
       Skin              |     6 |       |     2 |    76 ||    84
       Plate armour      |       |     6 |   138 |       ||   144
Dodge: Dodged            |    44 |    84 |   192 |    28 ||   348
Block: Kite shield       |       |       |    49 |    50 ||    99
